Map: 벨시르 잔재 (공허)

Players

TREVI

  • Race: Protoss Protoss
  • League: Grandmaster
  • Spawn Location: 11:00

뀨뀨테란 - Winner!

  • Race: Terran Terran
  • League: Master
  • Spawn Location: 5:00

VOD

Have the link to the VOD?

Description

Time

  • Played on: March 12, 2017, 6:01 p.m.
  • Length: 16:53
Show
View Real Time Build Order
Export as new Build Order

TREVI Protoss 

Build Orders: 1 Gate Expand, Oracle Opening, Phoenix Opening 

Get SALT Encoding   

  12  0:01  Probe (Chrono Boost)  
  13  0:11  Probe (Chrono Boost)  
  14  0:17  Pylon  
  14  0:22  Probe (Chrono Boost)  
  15  0:35  Probe (Chrono Boost)  
  16  0:36  Gateway  
  16  0:45  Probe (Chrono Boost)  
  16  0:47  Assimilator  
  17  0:56  Probe (Chrono Boost)  
  18  1:14  Nexus  
  18  1:25  Cybernetics Core  
  18  1:26  Probe (Chrono Boost)  
  18  1:31  Assimilator  
  19  1:36  Probe (Chrono Boost)  
  20  1:43  Pylon  
  21  1:55  Probe (Chrono Boost)  
  21  1:57  Adept  
  23  2:07  Probe (Chrono Boost)  
  24  2:13  Stargate  
  24  2:19  Probe (Chrono Boost)  
  24  2:21  Adept  
  25  2:26  Probe (Chrono Boost)  
  25  2:29  Warp Gate  
  29  2:31  Probe (Chrono Boost)  
  29  2:39  Probe (Chrono Boost)  
  31  2:44  Probe (Chrono Boost)  
  31  2:48  Adept  
  31  2:50  Probe (Chrono Boost)  
  34  2:53  Pylon  
  34  2:55  Oracle  
  35  2:59  Probe (Chrono Boost)  
  35  3:03  Probe (Chrono Boost)  
  39  3:11  Probe (Chrono Boost)  
  40  3:15  Probe (Chrono Boost)  
  41  3:22  Adept  
  41  3:26  Probe (Chrono Boost)  
  44  3:31  Probe (Chrono Boost)  
  45  3:39  Pylon  
  45  3:40  Mothership Core (Chrono Boost), Assimilator  
  47  3:41  Probe (Chrono Boost)  
  48  3:52  Probe (Chrono Boost)  
  49  3:58  Phoenix  
  49  3:59  Probe (Chrono Boost)  
  53  4:02  Probe (Chrono Boost)  
  53  4:05  Pylon  
  53  4:14  Pylon  
  53  4:15  Probe (Chrono Boost), Nexus  
  53  4:16  Probe (Chrono Boost)  
  55  4:20  Phoenix  
  57  4:32  Gateway x2  
  57  4:35  Probe (Chrono Boost)  
  58  4:41  Phoenix  
  58  4:42  Adept  
  58  4:44  Probe (Chrono Boost)  
  63  4:46  Assimilator  
  63  4:47  Probe (Chrono Boost)  
  64  4:53  Twilight Council  
  64  4:55  Forge  
  64  4:56  Probe (Chrono Boost)  
  65  5:03  Phoenix  
  65  5:06  Probe (Chrono Boost)  
  68  5:10  Pylon  
  68  5:11  Probe (Chrono Boost)  
  69  5:15  Protoss Ground Weapons Level 1  
  69  5:16  Stalker  
  69  5:18  Probe (Chrono Boost)  
  72  5:23  Robotics Facility  
  72  5:25  Blink  
  72  5:28  Phoenix  
  74  5:39  Pylon  
  74  5:49  Gateway  
  74  5:50  Gateway  
  74  5:54  Gateway  
  74  5:59  Probe x2 (Chrono Boost)  
  76  6:20  Robotics Bay  
  76  6:22  Pylon  
  76  6:23  Probe x2 (Chrono Boost)  
  76  6:25  Probe (Chrono Boost)  
  79  6:31  Warp Prism  
  81  6:37  Probe x2 (Chrono Boost)  
  83  6:42  Probe (Chrono Boost)  
  83  6:44  Assimilator, Stalker x3  
  83  6:46  Assimilator  
  90  6:49  Probe (Chrono Boost)  
  90  6:50  Probe (Chrono Boost)  
  90  6:52  Probe (Chrono Boost)  
  90  6:53  Photon Cannon  
  93  6:56  Photon Cannon  
  93  6:57  Photon Cannon  
  92  7:02  Probe (Chrono Boost), Phoenix  
  94  7:17  Gravitic Drive  
  94  7:20  Probe x2 (Chrono Boost)  
  94  7:21  Immortal  
  94  7:22  Probe (Chrono Boost)  
  97  7:24  Protoss Ground Weapons Level 2  
  101  7:31  Stalker x6  
  101  7:35  Pylon  
  113  7:42  Probe x2 (Chrono Boost), Pylon  
  115  7:54  Probe (Chrono Boost)  
  115  7:55  Immortal  
  116  7:59  Void Ray  
  116  8:03  Probe (Chrono Boost)  
  111  8:20  Protoss Air Weapons Level 1  
  109  8:29  Stargate  
  109  8:36  Adept x2  
  109  8:40  Nexus  
  113  8:41  Pylon, Void Ray, Adept  
  113  8:42  Adept  
  109  8:51  Immortal  
  109  8:54  Stargate  
  111  9:02  Adept x4  
  117  9:09  Pylon  
  117  9:11  Void Ray  
  117  9:12  Photon Cannon  
  117  9:14  Assimilator  
  117  9:18  Assimilator  
  112  9:24  Probe (Chrono Boost)  
  112  9:26  Probe (Chrono Boost)  
  112  9:27  Void Ray  
  112  9:29  Warp Prism  
  119  9:32  Fleet Beacon  
  119  9:34  Protoss Shields Level 1  
  119  9:36  Stalker x2  
  119  9:37  Stalker  
  125  9:46  Void Ray  
  125  9:49  Void Ray  
  129  9:53  Stalker x2  
  129  9:54  Stalker  
  129  9:56  Pylon  
  131  10:00  Probe x2 (Chrono Boost)  
  131  10:02  Probe (Chrono Boost)  
  131  10:05  Probe (Chrono Boost)  
  129  10:11  Protoss Air Weapons Level 2  
  129  10:12  Probe x2 (Chrono Boost)  
  132  10:15  Probe x2 (Chrono Boost)  
  133  10:24  Probe (Chrono Boost)  
  133  10:26  Probe (Chrono Boost)  
  141  10:34  Void Ray  
  141  10:39  Carrier  
  141  10:40  Carrier  
  145  10:48  Observer  
  146  10:56  Probe x2 (Chrono Boost)  
  154  11:05  Carrier  
  152  11:12  Stalker  
  152  11:13  Stalker x2  
  151  11:28  Probe x2 (Chrono Boost)  
  151  11:29  Probe (Chrono Boost)  
  151  11:30  Observer  
  147  11:39  Protoss Shields Level 2  
  147  11:43  Stargate  
  147  11:44  Stargate  
  147  11:47  Stalker  
  149  11:51  Probe (Chrono Boost)  
  147  11:55  Adept x5  
  157  12:03  Carrier  
  157  12:08  Carrier  
  123  12:26  Void Ray  
  123  12:29  Void Ray x2  
  123  12:34  Adept x4  
  144  12:38  Probe (Chrono Boost)  
  144  12:39  Probe (Chrono Boost)  
  145  12:57  Probe x3 (Chrono Boost)  
  140  13:03  Void Ray  
  140  13:04  Protoss Air Weapons Level 3  
  138  13:06  Void Ray  
  138  13:09  Carrier  
  146  13:16  Pylon  
  146  13:17  Pylon  
  145  13:26  Void Ray  
  151  13:34  Void Ray  
  157  13:44  Void Ray  
  157  13:50  Nexus  
  157  13:55  Carrier  
  84  15:15  Void Ray x2  
  79  15:27  Nexus  
  71  15:31  Adept  
  73  15:48  Void Ray  
  77  16:02  Void Ray  
Show
View Real Time Build Order
Export as new Build Order

뀨뀨테란 Terran - Winner!

Build Orders: Mech 

Get SALT Encoding   

  12  0:02  SCV  
  14  0:14  SCV  
  14  0:17  Supply Depot  
  14  0:26  SCV  
  15  0:39  SCV  
  15  0:40  Barracks  
  16  0:45  Refinery  
  16  0:51  SCV  
  17  1:03  SCV  
  18  1:15  SCV  
  19  1:30  Marine  
  19  1:31  Orbital Command  
  20  1:39  Command Center  
  21  1:54  Factory  
  21  1:57  SCV  
  21  2:02  Refinery  
  21  2:04  Barracks Reactor  
  21  2:09  SCV  
  21  2:11  Supply Depot  
  22  2:21  SCV  
  23  2:33  SCV  
  24  2:38  Starport  
  24  2:45  SCV, Hellion x2  
  24  2:50  Barracks Tech Lab  
  29  2:58  SCV  
  30  2:59  Orbital Command  
  30  3:07  Hellion  
  30  3:08  Hellion  
  34  3:14  SCV  
  35  3:21  Raven  
  35  3:24  SCV  
  35  3:26  SCV  
  39  3:29  Supply Depot  
  39  3:35  Marine x2  
  39  3:36  SCV  
  39  3:38  SCV, Widow Mine  
  45  3:48  SCV  
  45  3:50  SCV  
  45  3:52  Marine x2  
  45  3:54  Supply Depot  
  49  4:00  SCV  
  49  4:02  SCV  
  49  4:08  Refinery, Widow Mine  
  49  4:09  Refinery  
  51  4:12  Marine, Viking  
  51  4:16  Marine  
  55  4:19  Supply Depot  
  55  4:20  SCV x2, Supply Depot  
  57  4:32  SCV x2  
  57  4:36  Marine x2  
  61  4:44  SCV x2  
  63  4:48  Command Center  
  63  4:50  Siege Tank  
  66  4:56  SCV  
  66  4:57  SCV, Supply Depot  
  68  5:07  Factory  
  68  5:09  Starport Reactor  
  68  5:10  Factory  
  68  5:11  SCV x2  
  70  5:22  Armory  
  70  5:25  Armory, Supply Depot  
  70  5:26  SCV x2  
  72  5:31  Siege Tank  
  75  5:37  Supply Depot  
  75  5:38  SCV x2  
  77  5:45  Infernal Pre-Igniter  
  77  5:50  SCV  
  77  5:51  SCV  
  77  5:55  Factory Tech Lab  
  78  6:10  Orbital Command  
  77  6:13  Viking x2  
  77  6:17  Terran Vehicle Weapons Level 1  
  77  6:18  Hellion, Terran Vehicle And Ship Armor Level 1  
  81  6:19  Hellion  
  81  6:20  SCV x2  
  85  6:26  Engineering Bay  
  85  6:29  Thor  
  91  6:40  Siege Tank  
  91  6:44  Hellion x2  
  96  6:47  Viking x2  
  96  6:49  SCV  
  96  6:50  SCV  
  102  6:55  Missile Turret  
  102  6:57  Orbital Command  
  102  6:58  Missile Turret  
  102  7:02  SCV x2, Missile Turret  
  102  7:07  Hellion x2, Missile Turret  
  108  7:14  SCV x2, Refinery x2  
  109  7:23  SCV  
  109  7:26  SCV x2  
  109  7:27  Missile Turret  
  109  7:28  Missile Turret  
  112  7:31  Hellion x2  
  112  7:32  Missile Turret  
  112  7:35  SCV  
  117  7:46  SCV x2  
  117  7:47  Supply Depot  
  117  7:48  Supply Depot  
  119  7:52  Siege Tank x2  
  119  7:55  Liberator x2  
  125  7:59  Supply Depot  
  125  8:00  Factory  
  125  8:01  Supply Depot  
  125  8:02  Factory  
  125  8:05  Hellion x4  
  125  8:10  Hellion x7  
  123  8:13  Hellion  
  123  8:14  SCV x3, Hellion  
  130  8:25  Missile Turret  
  130  8:26  SCV x3  
  129  8:35  Siege Tank x2  
  132  8:47  SCV x3  
  131  8:50  Terran Vehicle And Ship Armor Level 2, Terran Vehicle Weapons Level 2  
  130  9:07  Hellion, Hellbat  
  130  9:09  Siege Tank x2  
  140  9:10  SCV x2, Sensor Tower  
  140  9:11  SCV  
  143  9:17  Factory Tech Lab, Factory Reactor  
  143  9:21  Supply Depot  
  143  9:22  Supply Depot x2  
  143  9:30  Command Center  
  143  9:34  Drilling Claws  
  143  9:35  Medivac x2  
  147  9:40  Widow Mine x2  
  147  9:41  Siege Tank  
  154  9:51  Starport  
  141  10:05  Hellion  
  141  10:06  Hellion  
  137  10:07  Viking  
  137  10:08  Viking  
  137  10:09  Hellion x2  
  145  10:18  Missile Turret  
  145  10:19  Missile Turret  
  145  10:20  Missile Turret  
  145  10:22  Missile Turret  
  145  10:23  Missile Turret  
  145  10:26  Missile Turret  
  145  10:27  Missile Turret  
  145  10:28  Missile Turret  
  145  10:30  Supply Depot x2  
  145  10:38  Command Center  
  145  10:40  Viking x2, Factory Reactor  
  145  10:42  Viking x2  
  153  10:59  Refinery  
  153  11:01  Refinery, Sensor Tower  
  153  11:02  Missile Turret  
  149  11:12  Viking x4  
  157  11:24  Planetary Fortress  
  149  11:32  Terran Vehicle And Ship Armor Level 3, Terran Ship Weapons Level 1  
  149  11:38  Widow Mine x4  
  157  11:51  Command Center  
  154  12:01  Viking x4  
  151  12:15  Liberator x2  
  151  12:16  Liberator x2  
  151  12:20  Hellion x2, Siege Tank x3  
  151  12:21  Hellion x2  
  151  12:22  SCV x3  
  165  12:24  Orbital Command  
  174  12:48  Hellbat x4  
  179  12:55  SCV x4  
  183  13:08  Siege Tank  
  183  13:09  Siege Tank x2  
  192  13:17  Viking x4  
  200  13:40  Hellion x7  
  200  13:46  Command Center, Missile Turret  
  200  13:47  Missile Turret x3  
  200  13:48  Missile Turret  
  200  13:55  Starport x2  
  197  14:21  Viking  
  199  14:34  Starport Tech Lab, Starport Reactor  
  129  15:01  Viking x3  
  129  15:02  Viking x2  
  126  15:08  Widow Mine x7  
  116  15:26  Viking x2  
  117  15:35  Refinery  
  109  15:38  Missile Turret  
  109  15:39  Missile Turret x2  
  109  15:40  Missile Turret  
  104  15:45  Raven  
  104  15:47  Hellbat x4  
  114  15:50  Planetary Fortress  
  114  15:54  Refinery  
  114  15:55  Refinery  
  114  16:09  Viking x5  
  114  16:10  Viking  
  126  16:19  SCV x4  
  126  16:21  SCV  
  140  16:34  Missile Turret  
  140  16:36  Missile Turret  
  140  16:37  Missile Turret  
Tags
 
Add a new tag
Caveats
  • Supply blocks, unpowered buildings, or Contaminate may cause inaccurate times.
  • Supply counts are checked every 10 seconds.